MWL (24 & UNDER)
COLUMBIA 08S @ MANHATTEN MEATHEADS
09/12/2023
 
TOP OF THE 1ST
Columbia 08s batting - Pitching for Manhatten Meatheads : LHP Kelly Henry
Pitching: LHP Kelly Henry
Batting: SHB Roberto Rivera 0-0: Called Strike
0-1: Ball
1-1: Foul Ball, location: 2F
1-2: Ball
2-2: SINGLE (Line Drive, 56)
Batting: RHB Vic Langlois 0-0: Swinging Strike
0-1: SINGLE (Line Drive, 9LS)
Roberto Rivera to second
Batting: LHB Colm Massey 0-0: Ball
Wild Pitch!
Roberto Rivera to third
Vic Langlois to second
1-0: Ball
2-0: Called Strike
2-1: Ball
3-1: Foul Ball, location: 2F
3-2: SINGLE (Line Drive, 56D)
Roberto Rivera scores
Vic Langlois to third
Batting: RHB Felipe Rego 0-0: Ball
1-0: Foul Ball, location: 2F
1-1: Swinging Strike
1-2: Strikes out swinging
Batting: RHB Ryosei Yamamoto 0-0: Ball
1-0: Grounds into double play, 5-4-3 (Groundball, 56)
Top of the 1st over - 1 run(s), 3 hit(s), 0 error(s), 1 left on base; Columbia 1 - Manhatten 0
BOTTOM OF THE 1ST
Manhatten Meatheads batting - Pitching for Columbia 08s : RHP Bill Sampson
Pitching: RHP Bill Sampson
Batting: RHB Mark McDonald 0-0: Ball
1-0: Ground out 6-3 (Groundball, 6)
Batting: RHB Kyle O'Day 0-0: Called Strike
0-1: Foul Ball, location: 2F
0-2: Foul Ball, location: 2F
0-2: Ball
1-2: Strikes out swinging
Batting: LHB Pat Zimmerman 0-0: Called Strike
0-1: Ball
1-1: Foul Ball, location: 2F
1-2: Ball
2-2: Ball
3-2: Foul Ball, location: 2F
3-2: Base on Balls
Batting: SHB Will Evans 0-0: Ball
1-0: Foul Ball, location: 2F
1-1: Ball
2-1: Foul Ball, location: 2F
2-2: SINGLE (Line Drive, 89M)
Pat Zimmerman to second
Pat Zimmerman to third
Batting: RHB Ben Morton 0-0: Ball
1-0: Called Strike
1-1: Ball
2-1: Ball
Will Evans steals 2nd base
3-1: DOUBLE (Line Drive, 7LM)
Pat Zimmerman scores
Will Evans scores
Batting: LHB Ed Murray 0-0: Ball
Wild Pitch!
Ben Morton to third
1-0: Ball
2-0: Called Strike
2-1: Fly out, F4 (Popup, 4M)
Bottom of the 1st over - 2 run(s), 2 hit(s), 0 error(s), 1 left on base; Columbia 1 - Manhatten 2
TOP OF THE 2ND
Columbia 08s batting - Pitching for Manhatten Meatheads : LHP Kelly Henry
Batting: LHB José Costa 0-0: Ball
1-0: Ball
2-0: Ball
3-0: Called Strike
3-1: Foul Ball, location: 2F
3-2: Base on Balls
Batting: RHB Cristo García 0-0: Ball
1-0: Ball
2-0: Foul Ball, location: 2F
2-1: Ball
3-1: Base on Balls
José Costa to second
Batting: RHB Joel Carlson 0-0: Ball
1-0: Ball
2-0: Called Strike
2-1: Ball
3-1: Base on Balls
José Costa to third
Cristo García to second
Batting: RHB Alfredo Hernández 0-0: Ball
1-0: Called Strike
1-1: Ball
2-1: Ball
3-1: Foul Ball, location: 2F
3-2: Foul Ball, location: 2F
3-2: SINGLE (Groundball, 6MD)
José Costa scores
Cristo García to third
Joel Carlson to second
Batting: SHB Roberto Rivera 0-0: Ball
1-0: Called Strike
1-1: Swinging Strike
1-2: Ball
2-2: SINGLE (Line Drive, 6MD)
Cristo García scores
Joel Carlson to third
Alfredo Hernández to second
Batting: RHB Vic Langlois 0-0: Foul Ball, location: 2F
0-1: Ball
1-1: Foul Ball, location: 2F
1-2: Fly out, F8 (Flyball, 8RXD)
Runner from 3rd tags up, SCORES, no throw
Alfredo Hernández to third
Batting: LHB Colm Massey 0-0: Ball
1-0: Fly out, F7 (Flyball, 7M)
Runner from 3rd tags up, SCORES, throw made
Batting: RHB Felipe Rego 0-0: Called Strike
0-1: Ball
1-1: SINGLE (Flyball, 8LS)
Roberto Rivera to second
Batting: RHB Ryosei Yamamoto 0-0: Called Strike
0-1: Ground out 2-3 (Groundball, 23)
Top of the 2nd over - 4 run(s), 3 hit(s), 0 error(s), 2 left on base; Columbia 5 - Manhatten 2
BOTTOM OF THE 2ND
Manhatten Meatheads batting - Pitching for Columbia 08s : RHP Bill Sampson
Batting: RHB Júlio Galló 0-0: Foul Ball, location: 2F
0-1: Called Strike
0-2: Foul Ball, location: 2F
0-2: Ground out 6-3 (Groundball, 6)
Batting: RHB Ramón Ybarra 0-0: Called Strike
0-1: Ball
1-1: Foul Ball, location: 2F
1-2: Foul Ball, location: 2F
1-2: Ball
2-2: Foul Ball, location: 2F
2-2: DOUBLE (Flyball, 89M)
Batting: LHB Magali Foulerton 0-0: Ball
1-0: Swinging Strike
1-1: Called Strike
1-2: Ball
2-2: Ground out 4-3 (Groundball, 4)
Ramón Ybarra to third
Batting: RHB Mark McDonald 0-0: Called Strike
0-1: Hit by Pitch
Batting: RHB Kyle O'Day 0-0: Called Strike
0-1: Foul Ball, location: 2F
0-2: Ball
1-2: Ball
2-2: Foul Ball, location: 2F
2-2: Foul Ball, location: 2F
2-2: Ball
Wild Pitch!
Ramón Ybarra scores
Mark McDonald to second
3-2: Foul Ball, location: 2F
3-2: Base on Balls
Batting: LHB Pat Zimmerman 0-0: Called Strike
0-1: Ground out 4-3 (Groundball, 4)
Bottom of the 2nd over - 1 run(s), 1 hit(s), 0 error(s), 2 left on base; Columbia 5 - Manhatten 3
TOP OF THE 3RD
Columbia 08s batting - Pitching for Manhatten Meatheads : LHP Kelly Henry
Batting: LHB José Costa 0-0: Ball
1-0: DOUBLE (Groundball, 3L)
Batting: RHB Cristo García 0-0: Ball
1-0: Ball
2-0: SINGLE (Line Drive, 89M)
José Costa to third
Runner from 3rd tries for Home, SAFE, no throw or cutoff
Batting: RHB Joel Carlson 0-0: Ball
1-0: SINGLE (Line Drive, 6M)
Cristo García to second
Batting: RHB Alfredo Hernández 0-0: Ground out 5-3 (Groundball, 5S)
Cristo García to third
Joel Carlson to second
Batting: SHB Roberto Rivera 0-0: Called Strike
0-1: Called Strike
0-2: Fly out, F4 (Popup, 4)
Batting: RHB Vic Langlois 0-0: Called Strike
0-1: Ball
1-1: Foul Ball, location: 2F
1-2: Fly out, F7 (Flyball, 7LMF)
Top of the 3rd over - 1 run(s), 3 hit(s), 0 error(s), 2 left on base; Columbia 6 - Manhatten 3
BOTTOM OF THE 3RD
Manhatten Meatheads batting - Pitching for Columbia 08s : RHP Bill Sampson
Batting: SHB Will Evans 0-0: SINGLE (Groundball, 25) (infield hit)
Batting: RHB Ben Morton 0-0: Ball
1-0: Called Strike
1-1: Ball
2-1: Foul Ball, location: 2F
2-2: Foul Ball, location: 2F
2-2: Grounds into double play, 6-4-3 (Groundball, 6M)
Batting: LHB Ed Murray 0-0: SINGLE (Groundball, 34D)
Batting: RHB Júlio Galló 0-0: Ball
1-0: Ball
2-0: Ball
Wild Pitch!
Ed Murray to second
3-0: Called Strike
3-1: Foul Ball, location: 2F
3-2: Strikes out swinging
Bottom of the 3rd over - 0 run(s), 2 hit(s), 0 error(s), 1 left on base; Columbia 6 - Manhatten 3
TOP OF THE 4TH
Columbia 08s batting - Pitching for Manhatten Meatheads : LHP Kelly Henry
Batting: LHB Colm Massey 0-0: SINGLE (Flyball, 56D)
Batting: RHB Felipe Rego 0-0: Called Strike
0-1: DOUBLE (Line Drive, 89S)
Colm Massey to third
Batting: RHB Ryosei Yamamoto 0-0: Ball
1-0: Swinging Strike
1-1: SINGLE (Flyball, 8RS)
Colm Massey scores
Felipe Rego to third
Batting: LHB José Costa 0-0: Ball
1-0: Swinging Strike
1-1: Swinging Strike
1-2: Strikes out looking
Batting: RHB Cristo García 0-0: Called Strike
0-1: Fielders Choice at 2nd, 6-4 (Groundball, 6)
Felipe Rego scores
Pitching: RHP Doug Cole
Batting: RHB Joel Carlson 0-0: Ball
1-0: Foul Ball, location: 2F
1-1: Called Strike
1-2: Foul Ball, location: 2F
1-2: SINGLE (Groundball, 4MD)
Cristo García to second
Runner from 2nd tries for 3rd, SAFE, throw made to third
Batting: RHB Alfredo Hernández 0-0: Ball
1-0: Called Strike
1-1: SINGLE (Groundball, 34D)
Cristo García scores
Joel Carlson to second
Runner from 2nd tries for 3rd, OUT!
Top of the 4th over - 3 run(s), 5 hit(s), 0 error(s), 1 left on base; Columbia 9 - Manhatten 3
BOTTOM OF THE 4TH
Manhatten Meatheads batting - Pitching for Columbia 08s : RHP Bill Sampson
Batting: RHB Ramón Ybarra 0-0: Fly out, F8 (Flyball, 8RM)
Batting: LHB Magali Foulerton 0-0: Ball
1-0: Foul Ball, location: 2F
1-1: Ground out 3-1 (Groundball, 34S)
Batting: RHB Mark McDonald 0-0: Swinging Strike
0-1: SINGLE (Groundball, 34D)
Batting: RHB Kyle O'Day 0-0: Called Strike
Mark McDonald steals 2nd base
0-1: Foul Ball, location: 2F
0-2: Fly out, F8 (Flyball, 8RS)
Bottom of the 4th over - 0 run(s), 1 hit(s), 0 error(s), 1 left on base; Columbia 9 - Manhatten 3
TOP OF THE 5TH
Columbia 08s batting - Pitching for Manhatten Meatheads : RHP Doug Cole
Batting: SHB Roberto Rivera 0-0: Called Strike
0-1: Ball
1-1: Ground out U3 (Groundball, 3)
Batting: RHB Vic Langlois 0-0: Ball
1-0: SINGLE (Groundball, 4D)
Batting: LHB Colm Massey 0-0: Called Strike
Vic Langlois is caught stealing 2nd base
0-1: Ground out 5-3 (Groundball, 56)
Top of the 5th over - 0 run(s), 1 hit(s), 0 error(s), 0 left on base; Columbia 9 - Manhatten 3
BOTTOM OF THE 5TH
Manhatten Meatheads batting - Pitching for Columbia 08s : RHP Bill Sampson
Batting: LHB Pat Zimmerman 0-0: Ball
1-0: Ball
2-0: Called Strike
2-1: Fly out, F8 (Flyball, 8LD)
Batting: SHB Will Evans 0-0: Foul Ball, location: 2F
0-1: Ball
1-1: Foul Ball, location: 2F
1-2: Strikes out swinging
Batting: RHB Ben Morton 0-0: Swinging Strike
0-1: Foul Ball, location: 2F
0-2: Ball
1-2: Ball
2-2: Foul Ball, location: 2F
2-2: Foul Ball, location: 2F
2-2: SINGLE (Line Drive, 4MD)
Pitching: RHP Lewis Sweeney
Batting: LHB Ed Murray 0-0: Fly out, F5 (Popup, 5S)
Bottom of the 5th over - 0 run(s), 1 hit(s), 0 error(s), 1 left on base; Columbia 9 - Manhatten 3
TOP OF THE 6TH
Columbia 08s batting - Pitching for Manhatten Meatheads : RHP Doug Cole
Batting: RHB Felipe Rego 0-0: Fly out, F7 (Line Drive, 7S)
Batting: RHB Ryosei Yamamoto 0-0: Called Strike
0-1: Ground out 1-3 (Groundball, 15)
Batting: LHB José Costa 0-0: Fly out, F7 (Flyball, 7S)
Top of the 6th over - 0 run(s), 0 hit(s), 0 error(s), 0 left on base; Columbia 9 - Manhatten 3
BOTTOM OF THE 6TH
Manhatten Meatheads batting - Pitching for Columbia 08s : RHP Lewis Sweeney
Batting: RHB Júlio Galló 0-0: Ball
1-0: Foul Ball, location: 2F
1-1: Foul Ball, location: 2F
1-2: Hit by Pitch
Batting: RHB Ramón Ybarra 0-0: Ball
1-0: Called Strike
1-1: Ball
2-1: Ball
3-1: Grounds into double play, 5-4-3 (Groundball, 5)
Batting: LHB Magali Foulerton 0-0: Ball
1-0: Ball
2-0: Called Strike
2-1: Foul Ball, location: 2F
2-2: Ball
3-2: Fly out, F5 (Popup, 5SF)
Bottom of the 6th over - 0 run(s), 0 hit(s), 0 error(s), 0 left on base; Columbia 9 - Manhatten 3
TOP OF THE 7TH
Columbia 08s batting - Pitching for Manhatten Meatheads : RHP Doug Cole
Pitching: RHP Sloan Numbers
Batting: RHB Cristo García 0-0: Called Strike
0-1: Foul Ball, location: 2F
0-2: Strikes out swinging
Batting: RHB Joel Carlson 0-0: Ground out 5-3 (Groundball, 56)
Batting: RHB Alfredo Hernández 0-0: SINGLE (Groundball, 56S)
Batting: SHB Roberto Rivera 0-0: Foul Ball, location: 2F
0-1: Foul Ball, location: 2F
0-2: Ball
1-2: Ball
2-2: DOUBLE (Line Drive, 9LM)
Alfredo Hernández to third
Alfredo Hernández scores
Batting: RHB Vic Langlois 0-0: Ball
1-0: Ground out 6-3 (Groundball, 6)
Top of the 7th over - 1 run(s), 2 hit(s), 0 error(s), 1 left on base; Columbia 10 - Manhatten 3
BOTTOM OF THE 7TH
Manhatten Meatheads batting - Pitching for Columbia 08s : RHP Lewis Sweeney
Batting: RHB Mark McDonald 0-0: Hit by Pitch
Batting: RHB Kyle O'Day 0-0: Called Strike
Mark McDonald steals 2nd base
0-1: Ground out 4-3 (Groundball, 4)
Mark McDonald to third
Batting: LHB Pat Zimmerman 0-0: Called Strike
0-1: Foul Ball, location: 2F
0-2: Fly out, F6 (Popup, 6MD)
Batting: SHB Will Evans 0-0: Hit by Pitch
Batting: RHB Ben Morton 0-0: Ball
1-0: Called Strike
1-1: Swinging Strike
1-2: Strikes out swinging
Bottom of the 7th over - 0 run(s), 0 hit(s), 0 error(s), 2 left on base; Columbia 10 - Manhatten 3
TOP OF THE 8TH
Columbia 08s batting - Pitching for Manhatten Meatheads : RHP Sloan Numbers
Batting: LHB Colm Massey 0-0: Ball
1-0: Ground out U3 (Groundball, 3)
Batting: RHB Felipe Rego 0-0: Ball
1-0: Ball
2-0: Ball
3-0: Base on Balls
Batting: RHB Ryosei Yamamoto Pickoff Throw to First - Out!
0-0: Ball
1-0: Called Strike
1-1: Foul Ball, location: 2F
1-2: Strikes out swinging
Top of the 8th over - 0 run(s), 0 hit(s), 0 error(s), 0 left on base; Columbia 10 - Manhatten 3
BOTTOM OF THE 8TH
Manhatten Meatheads batting - Pitching for Columbia 08s : RHP Lewis Sweeney
Pitching: RHP Miguel Padilla
Batting: LHB Ed Murray 0-0: Foul Ball, location: 2F
0-1: Ground out 1-3 (Groundball, 34S)
Batting: RHB Júlio Galló 0-0: SINGLE (Line Drive, 9LS)
Batting: RHB Ramón Ybarra 0-0: Called Strike
0-1: Foul Ball, location: 2F
0-2: Ground out 4-3 (Groundball, 4M)
Júlio Galló to second
Batting: LHB Magali Foulerton 0-0: Ground out 4-3 (Groundball, 4)
Bottom of the 8th over - 0 run(s), 1 hit(s), 0 error(s), 1 left on base; Columbia 10 - Manhatten 3
TOP OF THE 9TH
Columbia 08s batting - Pitching for Manhatten Meatheads : RHP Sloan Numbers
Pitching: RHP Mario Tovar
Batting: LHB José Costa 0-0: Ball
1-0: Called Strike
1-1: Called Strike
1-2: Foul Ball, location: 2F
1-2: Foul Ball, location: 2F
1-2: Strikes out looking
Batting: RHB Cristo García 0-0: Ball
1-0: Foul Ball, location: 2F
1-1: Foul Ball, location: 2F
1-2: Ball
2-2: Fly out, F9 (Flyball, 9M)
Batting: RHB Joel Carlson 0-0: Ball
1-0: Ball
2-0: Ball
3-0: Base on Balls
Batting: RHB Alfredo Hernández 0-0: Called Strike
0-1: Ball
1-1: Ground out U3 (Groundball, 3)
Top of the 9th over - 0 run(s), 0 hit(s), 0 error(s), 1 left on base; Columbia 10 - Manhatten 3
BOTTOM OF THE 9TH
Manhatten Meatheads batting - Pitching for Columbia 08s : RHP Miguel Padilla
Batting: RHB Mark McDonald 0-0: Ball
1-0: Called Strike
1-1: Ground out 6-3 (Groundball, 6)
Batting: RHB Kyle O'Day 0-0: Called Strike
0-1: Called Strike
0-2: Ball
1-2: Strikes out swinging
Batting: LHB Pat Zimmerman 0-0: Foul Ball, location: 2F
0-1: Foul Ball, location: 2F
0-2: Ground out 6-3 (Groundball, 6)
Bottom of the 9th over - 0 run(s), 0 hit(s), 0 error(s), 0 left on base; Columbia 10 - Manhatten 3
This league is powered by Out of the Park Baseball, the baseball management simulation game for PC, Mac and Linux
Wednesday, December 2nd, 2015 - OOTP Baseball 16.8 Build 38